 Dungeon Crawl Stone Soup version 0.30-a0-1161-g0704695555 (webtiles) character file.

Game seed: 13635553426102180828

739 retardedninja the Firebug (level 7, 0/51 HPs)
             Began as a Gnoll Fire Elementalist on Apr 27, 2023.
             Was an Initiate of Cheibriados.
             Slain by a hound (1 damage)
             ... on level 6 of the Dungeon.
             The game lasted 00:06:11 (5837 turns).

retardedninja the Firebug (Gnoll Fire Elementalist) Turns: 5837, Time: 00:06:12

Health: 0/51       AC:  2    Str: 13 (15) XL:     7   Next: 75%
Magic:  12/15      EV: 13    Int: 16 (17) God:    Cheibriados [......]
Gold:   238        SH:  0    Dex: 11 (13) Spells: 14/17 levels left

rFire   + . .        B - +0 battleaxe
rCold   . . .        (shield currently unavailable)
rNeg    . . .        a - +0 robe
rPois   .            (no helmet)
rElec   .            (no cloak)
rCorr   .            (no gloves)
SInv    .            (no boots)
Will    .....        (no amulet)
Stlth   +++          z - +6 ring of strength
HPRegen 0.28/turn    w - ring of protection from fire
MPRegen 0.14/turn

%: no passive effects
@: mighty, about to teleport, mesmerised, very slow
A: fangs 1, strong nose, distributed training
a: Renounce Religion


You were on level 6 of the Dungeon.
You worshipped Cheibriados.
Cheibriados was noncommittal.
You visited 2 branches of the dungeon, and saw 7 of its levels.

You collected 238 gold pieces.

Inventory:

Hand Weapons
 s - the +12 shortbow "Rophomyx" {flame, Stlth+}
   (You found it on level 3 of the Dungeon)

   Stlth:     It makes you more stealthy.
 B - a +0 battleaxe (weapon)
Missiles
 p - a throwing net
Armour
 a - a +0 robe (worn)
 t - a +0 pair of boots
Jewellery
 o - a ring of willpower
 w - a ring of protection from fire (right hand)
 z - a +6 ring of strength (left hand)
Wands
 y - a wand of digging (8)
Scrolls
 c - a scroll of silence {unknown}
 d - 2 scrolls of blinking {unknown}
 f - 2 scrolls of fog {unknown}
 g - a scroll of enchant armour {unknown}
 j - 4 scrolls of identify
 k - 2 scrolls of enchant weapon {unknown}
 l - 2 scrolls of amnesia {unknown}
 r - a scroll of torment {unknown}
 u - a scroll of fear {unknown}
 v - a scroll of poison {unknown}
 x - 4 scrolls of teleportation
Potions
 b - 2 potions of magic
 e - a potion of mutation {unknown}
 h - a potion of might
 i - a potion of heal wounds {unknown}
 m - a potion of lignification
 n - a potion of haste {unknown}
 q - a potion of degeneration
 A - a potion of attraction {unknown}
 C - a potion of berserk rage {unknown}


   Skills:
 + Level 2.8 Fighting
 + Level 2.8 Short Blades
 + Level 2.8 Long Blades
 + Level 2.8 Axes
 + Level 2.8 Maces & Flails
 + Level 2.8 Polearms
 + Level 2.8 Staves
 + Level 2.8 Ranged Weapons
 + Level 2.8 Throwing
 + Level 2.8 Armour
 + Level 5.4 Dodging
 + Level 5.1 Stealth
 + Level 2.8 Shields
 + Level 2.8 Unarmed Combat
 + Level 5.8 Spellcasting
 + Level 3.1 Conjurations
 + Level 2.2 Hexes
 + Level 2.2 Summonings
 + Level 2.2 Necromancy
 + Level 2.2 Translocations
 + Level 2.2 Transmutations
 + Level 5.9 Fire Magic
 + Level 2.2 Ice Magic
 + Level 2.2 Air Magic
 + Level 2.2 Earth Magic
 + Level 2.2 Poison Magic
 + Level 3.1 Invocations
 + Level 2.8 Evocations


You had 14 spell levels left.
You knew the following spells:

 Your Spells              Type           Power      Damage    Failure   Level
a - Foxfire               Conj/Fire      76%        2x1d7     2%          1
b - Scorch                Fire           46%        2d6       1%          2

Your spell library contained the following spells:

 Spells                   Type           Power      Damage    Failure   Level
 Sandblast                Erth           22%        2d7       5%          1
 Inner Flame              Hex/Fire       17%        N/A       8%          3
 Volatile Blastmotes      Fire/Tloc      34%        2d12      8%          3
 Passwall                 Tmut/Erth      9%         N/A       9%          2
 Stone Arrow              Conj/Erth      26%        3d8       14%         3
 Flame Wave               Conj/Fire      19%        2d7       22%         4


Dungeon Overview and Level Annotations

Branches:
Dungeon (6/15)             Temple (1/1) D:5

Altars:
Ashenzari
Cheibriados
Dithmenos
Elyvilon
Fedhas
Gozag
Hepliaklqana
Kikubaaqudgha
Makhleb
Nemelex Xobeh
Qazlal
Sif Muna
Trog
Xom
Zin
The Shining One

Annotations:
D:6 Maggie


Innate Abilities, Weirdness & Mutations

You have very sharp teeth.
Your uncanny sense of smell can sniff out nearby items.
Your experience applies equally to all skills.


Message History

The hound bites you.
Maggie casts a spell.
Maggie draws you further into her thrall.
Found a gnarled glowing staff.
You feel less confused. The hound misses you.
The hound bites you but does no damage.
An ice beast comes into view.
A gnoll comes into view. It is wielding a +1 heavy flail.
Casting: Foxfire (safe; 1% risk of failure)
Confirm with . or Enter, or press ? or * to list all spells.
You don't know that spell.
Unknown command.
The hound closely misses you. x2
A gnoll comes into view. It is wielding a +0 spear.
As you read the scroll labelled USHESY PEJ TANUCH, it crumbles to dust.
It is a scroll of identify.
x - 5 scrolls of teleportation The hound bites you.
The gnoll hits you from afar with a +0 spear.
Maggie misses you.
As you read the scroll of teleportation, it crumbles to dust.
You feel strangely unstable. The hound barely misses you. The hound bites you.
* * * LOW HITPOINT WARNING * * *
Maggie hits you with a +0 long sword!
* * * LOW HITPOINT WARNING * * *
The gnoll barely misses you.
It was a potion of might.
You feel very mighty all of a sudden.
The gnoll shouts!
The hound closely misses you.
The gnoll hits you from afar with a +0 spear.
* * * LOW HITPOINT WARNING * * *
Maggie gestures wildly while chanting.
Maggie draws you further into her thrall.
Unknown command.
It was a potion of degeneration.
There was something very wrong with that liquid.
You feel weakened.
You feel dopey.
You feel clumsy. The hound misses you. The hound bites you.
You die...

#.# ..# #.# ..
#.# .# #
#.###.####.#
#...........
#<..........
#.###...........
#.......@...$...
#.###..@h.......
#.....g......
#............
#......Y.....
##......g....
............
..........g..
............|


You could see Maggie (mesmerising), an ice beast, a hound and 3 gnolls.

Vanquished Creatures
  An ice beast (D:5)
  A water moccasin zombie (D:4)
  2 howler monkeys (D:4)
  A crimson imp (D:5)
  A jelly (D:4)
  A hound (D:5)
  4 iguanas
  Ijyb (D:5)
  2 orc wizards (D:4)
  3 hound zombies (D:4)
  A hound skeleton (D:4)
  A howler monkey zombie (D:4)
  4 gnolls (D:3)
  3 adders
  2 ufetubi
  5 adder zombies (D:4)
  2 dart slugs
  5 orcs
  3 ball pythons
  6 endoplasms
  3 giant cockroaches
  5 goblins
  5 hobgoblins
  6 kobolds
  3 quokkas
  6 bats
  4 frilled lizards (D:1)
  8 rats
89 creatures vanquished.

Vanquished Creatures (collateral kills)
  A foxfire (D:1)
1 creature vanquished.

Vanquished Creatures (others)
  447 foxfires
447 creatures vanquished.

Grand Total: 537 creatures vanquished

Notes
Turn   | Place    | Note
-------+----------+-------------------------------------------
     0 | D:1      | retardedninja the Gnoll Fire Elementalist began the quest
                  | for the Orb.
     0 | D:1      | Reached XP level 1. HP: 13/13 MP: 6/6
   271 | D:1      | Reached XP level 2. HP: 19/19 MP: 5/7
  1041 | D:1      | Reached skill level 5 in Spellcasting
  1041 | D:1      | Reached XP level 3. HP: 25/25 MP: 5/9
  1733 | D:2      | Reached skill level 1 in Invocations
  2504 | D:2      | Reached skill level 1 in Fighting
  2504 | D:2      | Reached skill level 1 in Short Blades
  2504 | D:2      | Reached skill level 1 in Long Blades
  2504 | D:2      | Reached skill level 1 in Axes
  2504 | D:2      | Reached skill level 1 in Maces & Flails
  2504 | D:2      | Reached skill level 1 in Polearms
  2504 | D:2      | Reached skill level 1 in Staves
  2504 | D:2      | Reached skill level 1 in Ranged Weapons
  2504 | D:2      | Reached skill level 1 in Throwing
  2504 | D:2      | Reached skill level 1 in Armour
  2504 | D:2      | Reached skill level 1 in Shields
  2504 | D:2      | Reached skill level 1 in Unarmed Combat
  2504 | D:2      | Reached skill level 1 in Evocations
  2646 | D:3      | Reached XP level 4. HP: 32/32 MP: 6/11
  2655 | D:3      | Reached skill level 1 in Hexes
  2655 | D:3      | Reached skill level 1 in Summonings
  2655 | D:3      | Reached skill level 1 in Necromancy
  2655 | D:3      | Reached skill level 1 in Translocations
  2655 | D:3      | Reached skill level 1 in Transmutations
  2655 | D:3      | Reached skill level 1 in Ice Magic
  2655 | D:3      | Reached skill level 1 in Air Magic
  2655 | D:3      | Reached skill level 1 in Earth Magic
  2655 | D:3      | Reached skill level 1 in Poison Magic
  3192 | D:3      | Identified the +12 shortbow "Rophomyx" {flame, Stlth+}
  3560 | D:4      | Reached XP level 5. HP: 34/37 MP: 10/12
  3710 | D:4      | Learned a level 2 spell: Scorch
  3817 | D:4      | Reached XP level 6. HP: 44/44 MP: 6/13
  4016 | D:4      | Reached skill level 5 in Dodging
  4291 | D:4      | Reached XP level 7. HP: 21/51 MP: 4/15
  4600 | D:4      | Found a white marble altar of Elyvilon.
  4711 | D:5      | Entered Level 5 of the Dungeon
  4793 | D:5      | Noticed Ijyb
  4817 | D:5      | Killed Ijyb
  4930 | D:5      | Found a staircase to the Ecumenical Temple.
  4967 | Temple   | Entered the Ecumenical Temple
  5087 | Temple   | Became a worshipper of Cheibriados the Contemplative
  5284 | D:5      | Reached skill level 5 in Stealth
  5726 | D:5      | Found a burning altar of Makhleb.
  5820 | D:6      | Noticed Maggie
  5836 | D:6      | HP: 1/51 [gnoll/+0 spear[a gnoll bouda] (4)]
  5837 | D:6      | Slain by a hound

Illustrated notes

Levels and vault maps discovered:
D:1:      evilmike_arrival_home_sweet_home, layout_basic
D:2:      layout_loops_ring
D:3:      layout_rooms
D:4:      layout_basic, nicolae_elyvilon_peaceful_grove, serial_undead,
          serial_undead_c, serial_undead_a, serial_undead_a, serial_undead_c,
          serial_undead_e, minmay_three_crescents
D:5:      layout_cave_pools, makhleb_grotto_becter,
          minmay_temple_entry_purple_smoke, minmay_misc_feat_iff, uniq_ijyb
D:6:      minmay_octagon_keep, layout_basic, wad_floor_pattern_1,
          minmay_pentangle, uniq_maggie, uniq_duvessa
Temple:   nicolae_temple_two_arcs

Skill      XL: |  1  2  3  4  5  6  7 |
---------------+----------------------+-----
Conjurations   | 2 3 |  3.1
Spellcasting   | 5 |  5.8
Invocations    | 1 2 3 |  3.1
Fighting       | 1 2 |  2.8
Short Blades   | 1 2 |  2.8
Long Blades    | 1 2 |  2.8
Axes           | 1 2 |  2.8
Maces & Flails | 1 2 |  2.8
Polearms       | 1 2 |  2.8
Staves         | 1 2 |  2.8
Ranged Weapons | 1 2 |  2.8
Throwing       | 1 2 |  2.8
Armour         | 1 2 |  2.8
Shields        | 1 2 |  2.8
Unarmed Combat | 1 2 |  2.8
Evocations     | 1 2 |  2.8
Hexes          | 1 2 |  2.2
Summonings     | 1 2 |  2.2
Necromancy     | 1 2 |  2.2
Translocations | 1 2 |  2.2
Transmutations | 1 2 |  2.2
Ice Magic      | 1 2 |  2.2
Air Magic      | 1 2 |  2.2
Earth Magic    | 1 2 |  2.2
Poison Magic   | 1 2 |  2.2
Dodging        | 5 |  5.4
Stealth        | 5 |  5.1
Fire Magic     | |  5.9

Action                     |  1- 3 |  4- 6 |  7- 9 || total
---------------------------+-------+-------+-------++-------
  Melee: Unarmed           |     3 |       |       ||     3
         Spear             |       |    33 |     8 ||    41
         Bite              |       |     3 |       ||     3
         Punch             |       |     3 |       ||     3
         Battleaxe         |       |       |     6 ||     6
   Fire: Shortbow          |       |     9 |       ||     9
   Cast: Foxfire           |   116 |    83 |    67 ||   266
         Scorch            |       |    12 |     1 ||    13
    Use: Potion            |       |     2 |     2 ||     4
         Scroll            |       |       |     2 ||     2
   Stab: Sleeping          |       |     1 |       ||     1
 Armour: Robe              |     3 |    13 |     2 ||    18
         Skin              |       |     6 |     3 ||     9
  Dodge: Dodged            |     9 |    60 |    29 ||    98

Table legend: (Time is in decaauts)
 A = Elapsed time spent in this place.
 B = Non-inter-level travel time spent in this place.
 C = Inter-level travel time spent in this place.
 D = Time resting spent in this place.
 E = Time spent auto-exploring this place.
 F = Levels seen in this place.
 G = Mean time per level.
                   A        B        C        D        E       F      G
               +--------+--------+--------+--------+--------+-----+--------+
         Total |   5960 |   5837 |    123 |    245 |   4682 |   7 |  851.4 |
       Dungeon |   5830 |   5715 |    115 |    245 |   4576 |   6 |  971.7 |
        Temple |    130 |    122 |      8 |      0 |    106 |   1 |  130.0 |
               +--------+--------+--------+--------+--------+-----+--------+

Top non-repeatable levels by time:
     D:1: 1555 daAuts
     D:4: 1363 daAuts
     D:5: 1096 daAuts
     D:2: 1004 daAuts
     D:3: 791 daAuts
  Temple: 130 daAuts
     D:6: 19 daAuts
